cohdb
Replays
Latest Replays
All Replays
Popular Replays
Top Player Replays
Match Explorer
How It Works
Community
CoH3 Stats
Reddit
Sign in to upload your games and track your stats! →
Sign in with Steam
Match 42816287
Unlisted
Match 42816287
Overview
Messages
Build Orders
End
Kradschützen Motorcycle Team
Selects Battlefield Espionage Battlegroup
Selects Sector Subterfuge Beacon
Panzergrenadier Squad
Panzergrenadier Squad
Construct Light Support Kompanie
250 Light Carrier
Selects 250/3 Funkpanzerwagen
Fire Support Elements
Panzerjäger Squad
Pak 38 Mechanized Group
Construct Panzerarmee Kommand
Selects Plunder
Veteran Squad Leaders
Panzer III L Medium Tank
2.5-tonne Medical Truck
Selects Firestorm
Panzer III L Medium Tank
Selects Anti-Tank Incendiary Munitions
Emergency Repair Kits
Armored Reserves
Panzer III L Medium Tank
Tungsten Core Ammunition
Panzerpioneer Squad
asylumforlife
General Hooker
< blank >
Bran
DrewP
Dillbro
0
0
Comments
sign in to comment!
No comments posted yet!